 Dungeon Crawl Stone Soup version 0.29-a0-352-g0917bc69df (webtiles) character file.

Game seed: 3679700824986894683

4508 quokkamancerX the Basher (level 10, -4/80 (92) HPs)
             Began as a Naga Berserker on Apr 24, 2022.
             Was a Priest of Trog.
             Slain by a wight
             ... wielding a +1 halberd
              (14 damage)
             ... on level 8 of the Dungeon.
             The game lasted 00:53:09 (9610 turns).

quokkamancerX the Basher (Naga Berserker)           Turns: 9610, Time: 00:53:09

HP:   -4/80 (92)    AC: 11    Str: 23    XL:     10   Next: 39%
MP:   0/28          EV:  7    Int:  8    God:    Trog [***...]
Gold: 428           SH:  3    Dex: 11    Spells: 9/9 levels left

rFire   . . .      SeeInvis +   J - +0 flail
rCold   . . .      Faith    .   w - +0 buckler
rNeg    . . .      Spirit   +   i - +0 scale mail
rPois   +          Reflect  .   g - +0 helmet
rElec   .          Harm     .   s - +2 cloak {rCorr}
rCorr   +          Rampage  .   x - +0 pair of gloves
Will    +....                   (no barding)
Stlth   ..........              c - amulet of guardian spirit
HPRegen 0.23/turn               y - ring of magical power
MPRegen 0.21/turn               l - ring of magical power

@: on berserk cooldown, slowed, heavily drained, very slow
A: AC +3, large, see invisible, deformed body, poison resistance, slowness 2,
spit poison 1, naga tail 1
a: Spit Poison, Renounce Religion, Berserk, Trog's Hand


You were on level 8 of the Dungeon.
You worshipped Trog.
Trog was most pleased with you.
You visited 1 branch of the dungeon, and saw 8 of its levels.

You collected 491 gold pieces.
You spent 63 gold pieces at shops.

Inventory:

Hand Weapons
 J - a +0 flail (weapon)
Missiles
 e - 2 poisoned darts
Armour
 g - a +0 helmet (worn)
 i - a +0 scale mail (worn)
 s - a +2 cloak of preservation (worn)
 w - a +0 buckler (worn)
 x - a +0 pair of gloves (worn)
Jewellery
 c - an amulet of guardian spirit (around neck)
 k - a ring of willpower
 l - a ring of magical power (right hand)
 y - a ring of magical power (left hand)
 B - a +6 ring of strength
 D - an amulet of regeneration
 H - a +4 ring of slaying
Wands
 m - a wand of mindburst (11)
 q - a wand of digging (2)
 t - a wand of flame (7)
 u - a wand of iceblast (3)
Scrolls
 o - 6 scrolls of teleportation
 p - 2 scrolls of vulnerability
 v - 2 scrolls of enchant weapon
 C - a scroll of silence
 F - a scroll of brand weapon
 G - a scroll of summoning
 I - a scroll of immolation
Potions
 b - 4 potions of curing
 d - 4 potions of mutation
 f - a potion of flight
 h - 4 potions of heal wounds
 j - 2 potions of attraction
 n - 4 potions of haste
 r - 2 potions of might
 z - a potion of invisibility {unknown}
 A - a potion of lignification {unknown}
 E - a potion of resistance


   Skills:
 + Level 6.6 Fighting
 * Level 13.8 Maces & Flails
 - Level 1.5 Armour
 - Level 1.5 Dodging


You had 9 spell levels left.
You didn't know any spells.
Your spell library was empty.

Dungeon Overview and Level Annotations

Branches:
Dungeon (8/15)             Temple (0/1) D:5
   Lair: D:8-11

Altars:
Fedhas
Kikubaaqudgha

Shops:
D:4 [   D:8 =


Innate Abilities, Weirdness & Mutations

Your serpentine skin is tough. (AC +3)
You have supernaturally acute eyesight. (SInv)
Armour fits poorly on your strangely shaped body.
Your system is resistant to poisons. (rPois)
You cover ground very slowly.
You can spit poison.
You have a snake-like lower body.


Message History

Trog accepts your kill. The wight hits you with a +1 halberd!
* * * LOW HITPOINT WARNING * * *
You feel drained.
* * * LOW HITPOINT WARNING * * *
The orc barely misses you. The wight attacks as you move away!
The wight hits you with a +1 halberd.
* * * LOW HITPOINT WARNING * * *
You feel drained.
* * * LOW HITPOINT WARNING * * *
The orc attacks as you move away! The orc hits you but does no damage.
The wight hits you from afar with a +1 halberd.
* * * LOW HITPOINT WARNING * * *
You block the orc's attack. You block the wight's attack.
The orc hits you but does no damage.
Things that are here:
a +0 flail; a +0 robe The orc throws a stone.
The stone hits you.
* * * LOW HITPOINT WARNING * * *
You feel much better.
The wight hits you from afar with a +1 halberd!
* * * LOW HITPOINT WARNING * * *
You feel drained.
* * * LOW HITPOINT WARNING * * *
The wight barely misses you. The wight hits you but does no damage.
The orc hits you but does no damage. The wight hits you but does no damage.
The orc hits you from afar with a +0 trident.
* * * LOW HITPOINT WARNING * * *
Things that are here:
a +0 flail; a +0 robe You sock the wight!
The wight is heavily damaged.
The wight hits you with a +1 halberd!
* * * LOW HITPOINT WARNING * * *
The orc hits you but does no damage.
You hit the wight.
The wight is heavily damaged.
The wight hits you with a +1 halberd!
You die...

#### ##....... #..#
#........ #..# #........
##..## #........ #....#
#........ #..).## #........
##### #.....####........
#...## #.....#.@zo.......
.....####.).....##........
........)รท................
......###........#........
..............##..........
.....####.................
....#####....#...###......
.#)###............. ......
.#.......#######..# ##..#


You could see a wight and an orc.

Vanquished Creatures
  Pikel (D:5)
  Maurice (D:8)
  Eustachio (D:5)
  A hornet zombie (D:7)
  4 ice beasts
  2 black bears
  2 sky beasts (D:7)
  3 ogres
  3 phantoms
  A centaur (D:6)
  A bullfrog (D:7)
  A necrophage (D:6)
  A wyvern zombie (D:7)
  4 scorpions
  12 wights
  2 howler monkeys
  2 centaur zombies (D:7)
  A human zombie (D:7)
  A gnoll shaman (D:5)
  4 hounds
  2 jellies
  Crazy Yiuf (D:2)
  3 orc priests
  Jessica (D:2)
  5 orc wizards
  Natasha (thrice) (D:2)
  3 iguanas
  3 killer bee zombies (D:7)
  3 mummies (D:7)
  A howler monkey zombie (D:7)
  7 gnolls
  8 adders
  2 shadow imps
  2 white imps
  2 worms
  3 dart slugs
  12 orcs
  4 endoplasms
  2 giant cockroaches
  5 goblins
  8 hobgoblins
  2 jackals (D:3)
  7 kobolds
  A quokka (D:2)
  6 ball pythons
  5 bats
  A frilled lizard (D:2)
  4 rats
154 creatures vanquished.

Vanquished Creatures (others)
  2 fungi (D:1)
  A plant (D:1)
3 creatures vanquished.

Grand Total: 157 creatures vanquished

Notes
Turn   | Place    | Note
-------+----------+-------------------------------------------
     0 | D:1      | quokkamancerX the Naga Berserker began the quest for the
                  | Orb.
     0 | D:1      | Reached XP level 1. HP: 21/21 MP: 1/1
   332 | D:1      | Reached XP level 2. HP: 21/28 MP: 0/2
   910 | D:1      | Reached skill level 4 in Maces & Flails
   916 | D:1      | Reached XP level 3. HP: 34/34 MP: 3/3
  1076 | D:1      | Found a faded altar of an unknown god.
  1208 | D:2      | Noticed Natasha
  1505 | D:2      | Found an ancient bone altar of Kikubaaqudgha.
  1509 | D:2      | Reached ** piety under Trog
  1591 | D:2      | Noticed Jessica
  1599 | D:2      | Killed Jessica
  1600 | D:2      | Reached XP level 4. HP: 42/42 MP: 4/4
  1642 | D:2      | Reached skill level 5 in Maces & Flails
  1882 | D:2      | Found a runed translucent door.
  1883 | D:2      | Noticed Crazy Yiuf
  1894 | D:2      | Killed Crazy Yiuf
  2016 | D:2      | Reached XP level 5. HP: 43/49 MP: 5/5
  2264 | D:2      | Killed Natasha
  2265 | D:2      | Reached skill level 6 in Maces & Flails
  2291 | D:2      | Noticed Natasha
  2309 | D:2      | Killed Natasha
  2317 | D:2      | Noticed Natasha
  2506 | D:2      | Killed Natasha
  2604 | D:3      | Reached XP level 6. HP: 46/56 MP: 6/6
  3063 | D:3      | Reached skill level 7 in Maces & Flails
  3884 | D:4      | Found Zeodah's Armour Shoppe.
  3925 | D:4      | Reached skill level 8 in Maces & Flails
  3925 | D:4      | Reached XP level 7. HP: 62/62 MP: 7/7
  3976 | D:4      | Bought a +0 pair of gloves for 63 gold pieces
  4653 | D:5      | Entered Level 5 of the Dungeon
  4827 | D:5      | Noticed Eustachio
  4845 | D:5      | Killed Eustachio
  4846 | D:5      | Reached skill level 9 in Maces & Flails
  4906 | D:5      | Reached XP level 8. HP: 45/69 MP: 8/8
  5058 | D:5      | Noticed Pikel
  5089 | D:5      | Killed Pikel
  5090 | D:5      | Reached skill level 10 in Maces & Flails
  5156 | D:5      | Reached skill level 11 in Maces & Flails
  5493 | D:5      | Reached XP level 9. HP: 73/76 MP: 9/9
  6210 | D:5      | Found a staircase to the Ecumenical Temple.
  6543 | D:6      | Identified the +5 dagger of the Orb {freeze, rCorr Int+5}
  6573 | D:6      | Reached skill level 12 in Maces & Flails
  7365 | D:6      | Found a blossoming altar of Fedhas.
  7463 | D:6      | Reached skill level 5 in Fighting
  8154 | D:7      | Reached skill level 13 in Maces & Flails
  8370 | D:7      | Reached XP level 10. HP: 79/89 MP: 10/10
  8511 | D:7      | Found an ancient bone altar of Kikubaaqudgha.
  8675 | D:7      | Reached *** piety under Trog
  9059 | D:8      | Found Jurr's Jewellery Shoppe.
  9075 | D:8      | Noticed Maurice
  9386 | D:8      | Killed Maurice
  9610 | D:8      | Slain by a wight

Illustrated notes

Levels and vault maps discovered:
D:1:      dpeg_arrival_lava_temple_mockup, layout_loops_ring,
          shapermc_ecumenical_altar_acropolis, minmay_tall_x
D:2:      layout_rooms, basic_altar, uniq_natasha, uniq_jessica,
          uniq_crazy_yiuf_cottage
D:3:      layout_basic
D:4:      layout_cave_pods, kennysheep_windowed_goal
D:5:      layout_basic, lemuel_temple_firewalk_b, enter_ossuary_2, st_stairs_4,
          nicolae_concentric_dashed_squares_wild, serial_park_tiny_1,
          kennysheep_generic_room_3, uniq_eustachio, uniq_pikel
D:6:      layout_rooms, general_overflow_altar
D:7:      layout_layer_cave, lemuel_mausoleum_altar_kikubaaqudgha
D:8:      layout_rooms, nicolae_overflow_hidden_temple, minivault_24,
          minmay_shop_enchanted_jewellery, uniq_maurice

Skill      XL: |  1  2  3  4  5  6  7  8  9 10 |
---------------+-------------------------------+-----
Maces & Flails | 4 5 6 8 9 11 13 | 13.8
Fighting       | 5 6 |  6.6
Armour         | |  1.5
Dodging        | |  1.5

Action                   |  1- 3 |  4- 6 |  7- 9 | 10-12 || total
-------------------------+-------+-------+-------+-------++-------
Melee: Mace              |    84 |   134 |   363 |   134 ||   715
       Punch             |     1 |     1 |       |       ||     2
       Flail             |       |       |       |    50 ||    50
Invok: Berserk           |     2 |     6 |     7 |     3 ||    18
 Abil: Spit Poison       |     9 |    15 |    23 |     6 ||    53
  Use: Scroll            |       |       |    15 |     3 ||    18
       Potion            |       |       |       |     1 ||     1
Armor: Chain mail        |    12 |       |       |       ||    12
       Scale mail        |    25 |    60 |   158 |    80 ||   323
Dodge: Dodged            |    33 |    47 |   100 |    55 ||   235
Block: Buckler           |       |     1 |    28 |    19 ||    48

Table legend: (Time is in decaauts)
 A = Elapsed time spent in this place.
 B = Non-inter-level travel time spent in this place.
 C = Inter-level travel time spent in this place.
 D = Time resting spent in this place.
 E = Time spent auto-exploring this place.
 F = Levels seen in this place.
 G = Mean time per level.
                   A        B        C        D        E       F      G
               +--------+--------+--------+--------+--------+-----+--------+
         Total |  11808 |  10922 |    886 |   3231 |    489 |   8 | 1476.0 |
       Dungeon |  11808 |  10922 |    886 |   3231 |    489 |   8 | 1476.0 |
               +--------+--------+--------+--------+--------+-----+--------+

Top non-repeatable levels by time:
     D:5: 2203 daAuts
     D:1: 2171 daAuts
     D:7: 1535 daAuts
     D:4: 1517 daAuts
     D:6: 1514 daAuts
     D:3: 1349 daAuts
     D:2: 979 daAuts
     D:8: 538 daAuts
